 Dungeon Crawl Stone Soup version 0.31-a0-455-g1a7b003ef0 (webtiles) character file.

Game seed: 547012670170701067

33 Xavori the Trooper (level 3, 26/26 (30) HPs)
             Began as a Djinni Chaos Knight on Aug 4, 2023.
             Was a Plaything of Xom.
             Quit the game on level 1 of the Dungeon.
             The game lasted 00:01:07 (8703 turns).

Xavori the Trooper (Djinni Chaos Knight)            Turns: 8703, Time: 00:01:08

HP:   26/26 (30)    AC:  5    Str: 11 (12) XL:     3   Next: 47%
Gold: 84            EV: 11    Int: 14 (17) God:    Xom [...*..] SH:  0 Dex:  5 (7)

rFire   + + .        a - +0 falchion (chaos)
rCold   x . .        (no shield)
rNeg    . . .        b - +2 leather armour
rPois   ∞            (no helmet)
rElec   .            (no cloak)
rCorr   .            (no gloves)
SInv    .            (boots unavailable)
Will    .....        (no amulet)
Stlth   +            (no ring)
HPRegen 0.24/turn    (no ring)
MPRegen 0.00/turn

%: random rage (3%)
@: flying, heavily drained
A: sickness immunity, fire resistance 2, cold vulnerability 1, float, innate
caster, HP casting, extra vitality 1, berserk 1, clever 1, clumsy 2
a: Renounce Religion


You were on level 1 of the Dungeon.
You worshipped Xom.
You were a favourite toy of Xom.
You visited 1 branch of the dungeon, and saw 2 of its levels.

You collected 84 gold pieces.

Inventory:

Hand Weapons
 a - a +0 falchion of chaos (weapon)
Armour
 b - a +2 leather armour (worn)
Scrolls
 c - a scroll of butterflies
 i - a scroll of enchant armour {unknown}
Potions
 d - 2 potions of heal wounds {unknown}
 e - 2 potions of haste {unknown}
 f - a potion of mutation {unknown}
 g - a potion of berserk rage {unknown}
 h - a potion of ambrosia {unknown}


   Skills:
 + Level 3.3 Fighting
 + Level 3.1 Long Blades
 + Level 1.6 Armour
 + Level 2.5 Dodging
 + Level 0.1 Stealth


You knew the following spells:

 Your Spells              Type           Power      Damage    Failure   Level
a - Foxfire               Conj/Fire      0%         2x1d4     36%         1
Your spell library was empty.

Dungeon Overview and Level Annotations

Branches:
Dungeon (2/15)

Altars:


Innate Abilities, Weirdness & Mutations

You are immune to sickness and miasma.
You are immune to poison.
Your flesh is very heat resistant. (rF++)
You are vulnerable to cold. (rC-)
You float through the air rather than walking.
You learn spells naturally, not from books.
Your magical power is your life essence.
You have superior vitality. (+4 MHP)
You sometimes lose your temper in combat.
Your mind is acute. (Int +4, Str/Dex -1)
You are very clumsy. (Dex -4)


Message History

You kill the endoplasm!
No target in view!
No target in view!
You start resting.
HP restored.
You start waiting.
Xom's power touches on you for a moment.
Your body is wracked with pain!
You fly upwards.
There is a stone staircase leading down here.
You start resting.
HP restored.
You start waiting.
Done waiting.
You start waiting.
You are now a favourite toy of Xom.
You start waiting.
Done waiting.
You start waiting.
Done waiting.
You start waiting.
Done waiting.
You start waiting.
Xom is getting BORED.
You start waiting.
Xom is getting BORED.
You start waiting.
Xom is getting BORED.
You start waiting.
Xom is getting BORED.
You start waiting.
You are now a BORING thing.
You start waiting.
You are now a favourite toy of Xom.
You start waiting.
Done waiting.
You start waiting.
Xom almost notices you.
Your eyebrows briefly feel incredibly bushy.
Are you sure you want to abandon this character and quit the game? (Confirm with "yes".)

#...Z..'.....#.....#.# #.#
#.######.....###.#.#.#######.#
#.####...........###.........#
#.##.........................#
#.##.#.#####.########........#
#.##.#.# #.#......+........#
#.##.#.# #.#.######........#
#.##.#.#####.#...............#
#.##.#.......@.........>.....#
#.##Z#######(########........#
#Z##.#.......#.....###########
#Z##.#.#######.###.# #
#)##.#.# #.# #.# #.#..#.#
#.###.########### #.#.##.#
#.#.............. #.#.##.#
#.#.#.########### #.#....#
#.#.#.).......#


There were no monsters in sight!

Vanquished Creatures
  2 dart slugs (D:1)
  4 bats (D:1)
  An endoplasm (D:2)
  A giant cockroach (D:1)
  A goblin (D:1)
  2 hobgoblins (D:1)
  4 jackals (D:1)
  2 quokkas (D:1)
  3 ball pythons (D:1)
  2 frilled lizards (D:1)
  3 kobolds (D:1)
25 creatures vanquished.

Vanquished Creatures (collateral kills)
  A ball python (D:1)
1 creature vanquished.

Grand Total: 26 creatures vanquished

Notes
Turn   | Place    | Note
-------+----------+-------------------------------------------
     0 | D:1      | Xavori the Djinni Chaos Knight began the quest for the Orb.
     0 | D:1      | Reached XP level 1. HP: 20/20 MP: 0/0
   438 | D:1      | XOM: silly message
   560 | D:1      | XOM: cloud trail
   561 | D:1      | XOM: scenery: 1 fountains blood, 4 doors open
  1051 | D:1      | XOM: 2-stop teleportation journey
  1055 | D:1      | XOM: cast spell 'Summon Hydra'
  1080 | D:1      | XOM: scenery: summon butterflies
  1081 | D:1      | XOM: 2-stop teleportation journey
  1236 | D:1      | Reached XP level 2. HP: 25/25 MP: 0/0
  1443 | D:1      | XOM: smoke on damage
  1685 | D:1      | Reached XP level 3. HP: 26/30 MP: 0/0
  1685 | D:1      | Learned a level 1 spell: Foxfire
  2299 | D:1      | XOM: stat loss: -1 Str (12/13)
  2328 | D:2      | XOM: smoke on damage
  2736 | D:1      | XOM: give mutation
  2736 | D:1      | Gained mutation: Your mind is acute. (Int +4, Str/Dex -1)
                  | [Xom's mischief]
  3412 | D:1      | XOM: torment (16/30 hp)
  4425 | D:1      | XOM: stat loss: -1 Int (16/17)
  4534 | D:1      | XOM: stat loss: -1 Dex (10/11)
  4641 | D:1      | XOM: silly message
  4848 | D:1      | XOM is BORED!
  4848 | D:1      | XOM: stat loss: -2 Int (14/17)
  4852 | D:1      | XOM: silly message
  5002 | D:1      | XOM: noise
  5219 | D:1      | XOM: summons 2 hostile demons
  6037 | D:1      | XOM: draining
  7010 | D:1      | XOM: give mutations
  7010 | D:1      | Gained mutation: You are clumsy. (Dex -2) [Xom's mischief]
  7010 | D:1      | Gained mutation: You are very clumsy. (Dex -4) [Xom's
                  | mischief]
  7010 | D:1      | Gained mutation: You sometimes lose your temper in combat.
                  | [Xom's mischief]
  7155 | D:1      | XOM: stat loss: -1 Dex (5/7)
  7898 | D:1      | XOM: summons 2 hostile demons
  7899 | D:1      | Noticed a sun demon
  7984 | D:2      | XOM: torment (14/26 hp)
  8592 | D:1      | XOM is BORED!
  8702 | D:1      | XOM: silly message
  8703 | D:1      | Quit the game

Illustrated notes

Levels and vault maps discovered:
D:1:      beargit_arrival_greenhouse, layout_basic, minmay_misc_feat_room
D:2:      layout_loops_ring, item_on_display_a, uniq_crazy_yiuf_cottage

Skill      XL: |  1  2 |
---------------+-------+-----
Long Blades    | 3 |  3.1
Fighting       | |  3.3
Armour         | |  1.6
Dodging        | |  2.5
Stealth        | |  0.1

Action                     || total
---------------------------++-------
  Melee: Falchion          ||    77
         Punch             ||     1
 Armour: Leather armour    ||    33
  Dodge: Dodged            ||    64

Table legend: (Time is in decaauts)
 A = Elapsed time spent in this place.
 B = Non-inter-level travel time spent in this place.
 C = Inter-level travel time spent in this place.
 D = Time resting spent in this place.
 E = Time spent auto-exploring this place.
 F = Levels seen in this place.
 G = Mean time per level.
                   A        B        C        D        E       F      G
               +--------+--------+--------+--------+--------+-----+--------+
         Total |   8717 |   8637 |     80 |   7410 |   1050 |   2 | 4358.5 |
       Dungeon |   8717 |   8637 |     80 |   7410 |   1050 |   2 | 4358.5 |
               +--------+--------+--------+--------+--------+-----+--------+

Top non-repeatable levels by time:
     D:1: 8549 daAuts
     D:2: 168 daAuts
